 Dungeon Crawl Stone Soup version 0.29.1-2-gbd0b4ee654 (webtiles) character file.

Game seed: 342791056885945083

380 funnyparkerb the Magician (level 6, -2/47 HPs)
             Began as a Demonspawn Transmuter on Nov 13, 2022.
             Was an Initiate of Gozag.
             Killed from afar by an orc wizard (14 damage)
             ... with a puff of flame
             ... on level 4 of the Dungeon.
             The game lasted 00:06:30 (5497 turns).

funnyparkerb the Magician (Demonspawn Transmuter)   Turns: 5497, Time: 00:06:30

Health: -2/47      AC:  2    Str: 14    XL:     6   Next: 46%
Magic:  6/12       EV: 19    Int: 16    God:    Gozag
Gold:   138        SH:  5    Dex: 17    Spells: 7/13 levels left

rFire   . . .      SeeInvis .     - Unarmed
rCold   . . .      Faith    .   (shield currently unavailable)
rNeg    . . .      Spirit   .   (body armour currently unavailable)
rPois   x          Reflect  +   (helmet currently unavailable)
rElec   .          Harm     .   (cloak currently unavailable)
rCorr   .          Rampage  .   (gloves currently unavailable)
Will    .....      Clarity  +   (boots currently unavailable)
Stlth   ++........              h - amulet of reflection
HPRegen 0.15/turn               (no ring)
MPRegen 0.13/turn               (no ring)

@: spider-form (expiring), wereblooded (expiring), gold aura
A: venomous fangs, tiny, powered by death 1, demonic magic 2, (weakness stinger
1), clarity, sense surroundings 1, robust 1, strong 1
a: End Transformation, Renounce Religion, Potion Petition, Call Merchant, Bribe
Branch


You were on level 4 of the Dungeon.
You worshipped Gozag.
Gozag was aware of your devotion.
You were a venomous arachnid creature.
You visited 2 branches of the dungeon, and saw 6 of its levels.

You collected 273 gold pieces.
You spent 60 gold pieces at shops.
You paid 75 gold pieces to Gozag.

Inventory:

Missiles
 k - 2 throwing nets
Armour
 a - a +0 robe (melded)
 l - a +0 cloak (melded)
 n - a +2 hat (melded)
Magical Staves
 m - a staff of cold
Jewellery
 h - an amulet of reflection (around neck)
 p - a ring of ice
Scrolls
 b - 2 scrolls of enchant weapon
 c - a scroll of poison {unknown}
 d - a scroll of noise
 e - a scroll of amnesia
 f - 2 scrolls of fear
 g - a scroll of magic mapping {unknown}
 i - a scroll of blinking {unknown}
 j - 2 scrolls of identify {unknown}
Potions
 o - a potion of heal wounds


   Skills:
 - Level 1.0 Fighting
 - Level 1.7 Dodging
 - Level 2.6 Unarmed Combat
 + Level 4.1 Spellcasting
 + Level 4.0 Transmutations
 + Level 3.1 Poison Magic


You had 7 spell levels left.
You knew the following spells:

 Your Spells              Type           Power      Damage    Failure   Level
a - Beastly Appendage     Tmut           32%        N/A       11%         1
b - Wereblood             Tmut           16%        N/A       14%         2
c - Spider Form           Tmut/Pois      14%        N/A       28%         3

Your spell library contained the following spells:

 Spells                   Type           Power      Damage    Failure   Level
 Magic Dart               Conj           12%        1d3       36%         1
 Blink                    Tloc           6%         N/A       47%         2
 Searing Ray              Conj           6%         2d4       47%         2
 Ice Form                 Ice/Tmut       9%         N/A       78%         4
 Fulminant Prism          Conj/Hex       1%         3d6       95%         4
 Manifold Assault         Tloc           3%         N/A       100%        5
 Storm Form               Tmut/Air       4%         N/A       100%        7


Dungeon Overview and Level Annotations

Branches:
Dungeon (5/15)             Temple (1/1) D:4

Altars:
Cheibriados
Dithmenos
Fedhas
Gozag
Makhleb
Nemelex Xobeh
Okawaru
Qazlal
Ru
Sif Muna
Trog
Uskayaw
Wu Jian

Shops:
D:3 *

Annotations:
D:1 2 runed translucent doors


Innate Abilities, Weirdness & Mutations

You are a venomous arachnid creature.
You have poisonous fangs.
You are tiny and dextrous.
Your spellcasting is less reliable in this form.
Your armour is entirely melded.
You are incapable of wielding weapons or throwing items.
You regenerate a little health from kills.
Spells you cast may paralyse nearby enemies.
((You have a small tail.))
You possess an exceptional clarity of mind.
You passively map a small area around you.
You are robust. (+10% HP)
Your muscles are strong. (Str +4, Int/Dex -1)


Message History

You barely miss the orc priest.
The orc priest is severely wounded.
You hiss as the wereblood boils in your veins!
The orc priest barely misses you. The orc hits you with a +0 short sword!
You completely miss the orc priest.
The orc priest is almost dead.
You feel a bit better.
You kill the orc priest!
The orc completely misses you.
You hit the orc.
The orc is severely wounded.
You hiss as the wereblood boils in your veins!
Something hits you. The orc completely misses you.
You barely miss something.
Your transformation is almost over.
Something hits you. The orc hits you with a +0 short sword.
You hit something but do no damage. Something hits you but does no damage.
The orc is distracted by your dazzling golden aura.
The orc shouts!
You bite the orc!
You feel a bit better.
You kill the orc!
Something hits you.
You hit something. The orc closely misses you.
You hear some strange, mumbled words.
Something tries to affect you, but you resist.
You hit something.
Your primal bloodlust is almost over.
The orc misses you.
You hear some strange, mumbled words.
A magic dart appears from out of thin air!
The magic dart hits you.
* * * LOW HITPOINT WARNING * * *
You hit the orc.
The orc is lightly wounded.
You block the orc's attack.
You hear some strange, mumbled words.
A puff of flame appears from out of thin air!
The puff of flame hits you!
You die...
Your body crumbles into a pile of gold.

..._ #.##.## ,
..: * #.##... *
..., *, , #.#####
** .., * ######.#
###.####.#....#.#
....... #.##.#.#
.#####...#
#.##...#
......{o#
#...####
#######s#######.#
#.#.......#
#.#.####### #...#
#####


You could see an orc.

Vanquished Creatures
  2 howler monkeys (D:4)
  An orc priest (D:4)
  A gnoll bouda (D:4)
  An iguana (D:4)
  2 orc wizards (D:2)
  7 gnolls
  3 adders
  A worm (D:2)
  8 orcs
  7 endoplasms
  3 giant cockroaches
  5 goblins
  10 hobgoblins
  6 jackals
  6 ball pythons
  4 bats
  2 frilled lizards
  4 kobolds
  3 rats
76 creatures vanquished.

Notes
Turn   | Place    | Note
-------+----------+-------------------------------------------
     0 | D:1      | funnyparkerb the Demonspawn Transmuter began the quest for
                  | the Orb.
     0 | D:1      | Reached XP level 1. HP: 15/15 MP: 3/3
    33 | D:1      | Found a large runed translucent door.
    33 | D:1      | Found a large runed translucent door.
   503 | D:1      | Gained mutation: You have a small tail. [demonic ancestry]
   503 | D:1      | Reached XP level 2. HP: 21/21 MP: 3/5
   506 | D:1      | Learned a level 2 spell: Wereblood
  1497 | D:2      | Gained mutation: Spells you cast may paralyse adjacent
                  | enemies. [demonic ancestry]
  1497 | D:2      | Reached XP level 3. HP: 26/26 MP: 4/7
  1501 | D:2      | Learned a level 3 spell: Spider Form
  2416 | D:2      | Reached skill level 1 in Poison Magic
  2448 | D:2      | Gained mutation: Your muscles are strong. (Str +4, Int/Dex
                  | -1) [potion of mutation]
  2448 | D:2      | Gained mutation: You possess an exceptional clarity of
                  | mind. [potion of mutation]
  2448 | D:2      | Gained mutation: You are robust. (+10% HP) [potion of
                  | mutation]
  2448 | D:2      | Gained mutation: You passively map a small area around you.
                  | [potion of mutation]
  2460 | D:2      | Reached XP level 4. HP: 24/35 MP: 5/8
  3721 | D:3      | Found a faded altar of an unknown god.
  3739 | D:3      | You fall into a shaft and drop 2 floors!
  3739 | D:5      | Entered Level 5 of the Dungeon
  3770 | D:4      | Gained mutation: You regenerate a little health from kills.
                  | [demonic ancestry]
  3770 | D:4      | Reached XP level 5. HP: 40/40 MP: 3/10
  3776 | D:4      | HP: 2/40 [gnoll/+0 halberd (15)]
  4268 | D:3      | Found Diwyxt's General Store.
  4331 | D:3      | Bought a potion of heal wounds for 60 gold pieces
  4599 | D:4      | Found a staircase to the Ecumenical Temple.
  4629 | Temple   | Entered the Ecumenical Temple
  4686 | Temple   | Became a worshipper of Gozag Ym Sagoz the Greedy
  4833 | D:4      | Gained mutation: Spells you cast may paralyse nearby
                  | enemies. [demonic ancestry]
  4833 | D:4      | Reached XP level 6. HP: 40/47 MP: 3/11
  5479 | D:4      | Found a shimmering blue altar of Sif Muna.
  5497 | D:4      | Killed from afar by an orc wizard

Illustrated notes

Levels and vault maps discovered:
D:1:      erik_arrival_cave_to_civilisation [erik_arrival_cave_to_temple],
          layout_basic, minmay_misc_feat_pillars
D:2:      layout_basic, minmay_misc_feat_ornament
D:3:      layout_basic, serial_shops, nicolae_square_shop,
          ebering_ecumenical_altar_abandoned, minmay_surrounded
D:4:      layout_basic, old_standard_altar, minmay_temple_entry_trees
D:5:      layout_basic, serial_shops, nicolae_take_the_stairs,
          hangedman_abyss_or_decor_lesser_grid
Temple:   kb_temple_of_zot

Skill      XL: |  1  2  3  4  5  6 |
---------------+-------------------+-----
Transmutations | 2 3 4 |  4.0
Spellcasting   | 3 4 |  4.1
Poison Magic   | 1 2 3 |  3.1
Fighting       | |  1.0
Dodging        | |  1.7
Unarmed Combat | |  2.6

Action                   |  1- 3 |  4- 6 || total
-------------------------+-------+-------++-------
Melee: Unarmed           |   105 |   161 ||   266
       Kick              |    14 |    13 ||    27
       Headbutt          |     9 |     6 ||    15
       Tailslap          |     7 |     2 ||     9
       Punch             |       |     1 ||     1
 Cast: Beastly Appendage |    20 |    12 ||    32
       Wereblood         |    15 |    18 ||    33
       Spider Form       |       |    14 ||    14
  Use: Potion            |     4 |       ||     4
       Scroll            |       |     4 ||     4
 Stab: Paralysed         |     2 |    13 ||    15
Armor: Robe              |    11 |    11 ||    22
       Skin              |     6 |     5 ||    11
Dodge: Dodged            |    55 |   116 ||   171
Block: Other             |       |     2 ||     2
